SNL (28 & UNDER)
SANTA FE DIABLOS @ BLACKIRON DRAGONS
07/28/2023
 
TOP OF THE 1ST
Santa Fe Diablos batting - Pitching for BlackIron Dragons : RHP Juan Gutiérrez
Pitching: RHP Juan Gutiérrez
Batting: RHB Arnold Harmon 0-0: Called Strike
0-1: Ball
1-1: Bunt missed!
1-2: Foul Ball, location: 2F
1-2: Foul Ball, location: 2F
1-2: Strikes out swinging
Batting: LHB Juan Ontiveros 0-0: Called Strike
0-1: Swinging Strike
0-2: Ball
1-2: Strikes out looking
Batting: RHB Iván Gonzáles 0-0: Ball
1-0: Foul Ball, location: 2F
1-1: Called Strike
1-2: Ground out 6-3 (Groundball, 6)
Top of the 1st over - 0 run(s), 0 hit(s), 0 error(s), 0 left on base; Santa Fe 0 - BlackIron 0
BOTTOM OF THE 1ST
BlackIron Dragons batting - Pitching for Santa Fe Diablos : RHP Honorato Mota
Pitching: RHP Honorato Mota
Batting: RHB Dallas Blair 0-0: Ball
1-0: Fly out, F8 (Flyball, 78M)
Batting: RHB José Colón 0-0: Fly out, F8 (Flyball, 8LM)
Batting: RHB Robert Buckley 0-0: Called Strike
0-1: Swinging Strike
0-2: Fly out, F3 (Popup, 3F)
Bottom of the 1st over - 0 run(s), 0 hit(s), 0 error(s), 0 left on base; Santa Fe 0 - BlackIron 0
TOP OF THE 2ND
Santa Fe Diablos batting - Pitching for BlackIron Dragons : RHP Juan Gutiérrez
Batting: SHB António Hernández 0-0: Foul Ball, location: 2F
0-1: Ball
1-1: Swinging Strike
1-2: Strikes out swinging
Batting: RHB Wallace Greene 0-0: Called Strike
0-1: Fly out, F9 (Flyball, 9M)
Batting: LHB Roberto Sandoval 0-0: Ball
1-0: Ball
2-0: Foul Ball, location: 2F
2-1: Ground out 4-3 (Groundball, 34)
Top of the 2nd over - 0 run(s), 0 hit(s), 0 error(s), 0 left on base; Santa Fe 0 - BlackIron 0
BOTTOM OF THE 2ND
BlackIron Dragons batting - Pitching for Santa Fe Diablos : RHP Honorato Mota
Batting: LHB Brian Roy 0-0: Ball
1-0: Ground out 1-3 (Groundball, 23)
Batting: RHB Ed Sims 0-0: Called Strike
0-1: Ball
1-1: SINGLE (Flyball, 9S)
Batting: RHB Leroy Jamison 0-0: Ball
Ed Sims is caught stealing 2nd base
1-0: Ball
2-0: Fly out, F7 (Flyball, 78S)
Bottom of the 2nd over - 0 run(s), 1 hit(s), 0 error(s), 0 left on base; Santa Fe 0 - BlackIron 0
TOP OF THE 3RD
Santa Fe Diablos batting - Pitching for BlackIron Dragons : RHP Juan Gutiérrez
Batting: LHB Don Soper 0-0: DOUBLE (Line Drive, 8LM)
Batting: RHB Keith Jones 0-0: Foul Ball, location: 2F
0-1: Ground out 6-3 (Groundball, 6)
Batting: RHB Henning Huisman 0-0: Called Strike
0-1: Ball
1-1: Foul Ball, location: 2F
1-2: Ball
2-2: Strikes out swinging
Batting: RHB Arnold Harmon 0-0: Called Strike
0-1: Ground out 1-3 (Groundball, 25)
Top of the 3rd over - 0 run(s), 1 hit(s), 0 error(s), 1 left on base; Santa Fe 0 - BlackIron 0
BOTTOM OF THE 3RD
BlackIron Dragons batting - Pitching for Santa Fe Diablos : RHP Honorato Mota
Batting: RHB Edgardo Carrasco 0-0: Called Strike
0-1: Called Strike
0-2: Strikes out swinging
Batting: RHB Phil Jacobs 0-0: Called Strike
0-1: Foul Ball, location: 2F
0-2: SINGLE (Line Drive, 89S)
Batting: RHB Joaquín Rosales 0-0: Called Strike
0-1: Foul Ball, location: 2F
0-2: Ball
1-2: Ball
2-2: Grounds into double play, 4-6-3 (Groundball, 4)
Bottom of the 3rd over - 0 run(s), 1 hit(s), 0 error(s), 0 left on base; Santa Fe 0 - BlackIron 0
TOP OF THE 4TH
Santa Fe Diablos batting - Pitching for BlackIron Dragons : RHP Juan Gutiérrez
Batting: LHB Juan Ontiveros 0-0: Called Strike
0-1: Swinging Strike
0-2: Foul Ball, location: 2F
0-2: Foul Ball, location: 2F
0-2: Ball
1-2: Ground out 6-3 (Groundball, 6)
Batting: RHB Iván Gonzáles 0-0: Called Strike
0-1: Foul Ball, location: 2F
0-2: Ground out 4-3 (Groundball, 4)
Batting: SHB António Hernández 0-0: Ball
1-0: SINGLE (Flyball, 78S)
Batting: RHB Wallace Greene 0-0: Foul Ball, location: 2F
0-1: Called Strike
0-2: Ball
1-2: Strikes out swinging
Top of the 4th over - 0 run(s), 1 hit(s), 0 error(s), 1 left on base; Santa Fe 0 - BlackIron 0
BOTTOM OF THE 4TH
BlackIron Dragons batting - Pitching for Santa Fe Diablos : RHP Honorato Mota
Batting: RHB Dallas Blair 0-0: SOLO HOME RUN (Line Drive, 7D), Distance : 432 ft
Batting: RHB José Colón 0-0: Ball
1-0: Ball
2-0: Called Strike
2-1: Ball
3-1: Swinging Strike
3-2: Strikes out swinging
Batting: RHB Robert Buckley 0-0: Ball
1-0: Swinging Strike
1-1: Ball
2-1: Ground out 5-3 (Groundball, 56)
Batting: LHB Brian Roy 0-0: Ball
1-0: Swinging Strike
1-1: Ball
2-1: Ball
3-1: SINGLE (Line Drive, 56D)
Batting: RHB Ed Sims 0-0: Ball
1-0: Ball
2-0: Ground out 1-3 (Groundball, 15)
Bottom of the 4th over - 1 run(s), 2 hit(s), 0 error(s), 1 left on base; Santa Fe 0 - BlackIron 1
TOP OF THE 5TH
Santa Fe Diablos batting - Pitching for BlackIron Dragons : RHP Juan Gutiérrez
Batting: LHB Roberto Sandoval 0-0: Fly out, F3 (Line Drive, 3S)
Batting: LHB Don Soper 0-0: Fly out, F5 (Popup, 5)
Batting: RHB Keith Jones 0-0: Called Strike
0-1: Foul Ball, location: 2F
0-2: Strikes out swinging
Top of the 5th over - 0 run(s), 0 hit(s), 0 error(s), 0 left on base; Santa Fe 0 - BlackIron 1
BOTTOM OF THE 5TH
BlackIron Dragons batting - Pitching for Santa Fe Diablos : RHP Honorato Mota
Batting: RHB Leroy Jamison 0-0: Called Strike
0-1: Foul Ball, location: 2F
0-2: Foul Ball, location: 2F
0-2: Foul Ball, location: 2F
0-2: Ball
1-2: Ball
2-2: Strikes out swinging
Batting: RHB Edgardo Carrasco 0-0: Fly out, F5 (Line Drive, 56)
Batting: RHB Phil Jacobs 0-0: Fly out, F9 (Line Drive, 89S)
Bottom of the 5th over - 0 run(s), 0 hit(s), 0 error(s), 0 left on base; Santa Fe 0 - BlackIron 1
TOP OF THE 6TH
Santa Fe Diablos batting - Pitching for BlackIron Dragons : RHP Juan Gutiérrez
Batting: RHB Henning Huisman 0-0: Ball
1-0: Ball
2-0: Ball
3-0: Base on Balls
Batting: RHB Arnold Harmon 0-0: Ball
1-0: Ground out 5-3 (Groundball, 5S)
Henning Huisman to second
Batting: LHB Juan Ontiveros 0-0: Swinging Strike
0-1: Ball
1-1: Ball
2-1: Foul Ball, location: 2F
2-2: Strikes out swinging
Batting: RHB Iván Gonzáles 0-0: Fly out, F7 (Flyball, 7S)
Top of the 6th over - 0 run(s), 0 hit(s), 0 error(s), 1 left on base; Santa Fe 0 - BlackIron 1
BOTTOM OF THE 6TH
BlackIron Dragons batting - Pitching for Santa Fe Diablos : RHP Honorato Mota
Batting: RHB Joaquín Rosales 0-0: Ball
1-0: Ground out 2-3 (Groundball, 2R)
Batting: RHB Dallas Blair 0-0: Ball
1-0: Swinging Strike
1-1: Foul Ball, location: 2F
1-2: Foul Ball, location: 2F
1-2: Ball
2-2: Ground out 2-3 (Groundball, 2R)
Batting: RHB José Colón 0-0: Called Strike
0-1: Called Strike
0-2: Strikes out looking
Bottom of the 6th over - 0 run(s), 0 hit(s), 0 error(s), 0 left on base; Santa Fe 0 - BlackIron 1
TOP OF THE 7TH
Santa Fe Diablos batting - Pitching for BlackIron Dragons : RHP Juan Gutiérrez
Batting: SHB António Hernández 0-0: Foul Ball, location: 2F
0-1: Foul Ball, location: 2F
0-2: Ball
1-2: Fly out, F3 (Popup, 23F)
Batting: RHB Wallace Greene 0-0: Ball
1-0: Ball
2-0: SINGLE (Groundball, 15) (infield hit)
Batting: LHB Roberto Sandoval 0-0: Ball
1-0: SINGLE (Groundball, 23) (infield hit)
Wallace Greene to second
Batting: LHB Don Soper 0-0: Swinging Strike
0-1: Called Strike
0-2: Strikes out swinging
Pinch Hitting: RHB Robinson Pacheco 0-0: Ball
1-0: Ball
2-0: Foul Ball, location: 2F
2-1: Ball
3-1: Foul Ball, location: 2F
3-2: Fly out, F6 (Popup, 6D)
Top of the 7th over - 0 run(s), 2 hit(s), 0 error(s), 2 left on base; Santa Fe 0 - BlackIron 1
BOTTOM OF THE 7TH
BlackIron Dragons batting - Pitching for Santa Fe Diablos : RHP Honorato Mota
Now at SS: Robinson Pacheco
Batting: RHB Robert Buckley 0-0: Called Strike
0-1: Ball
1-1: Called Strike
1-2: Strikes out looking
Batting: LHB Brian Roy 0-0: Ball
1-0: Swinging Strike
1-1: Ball
2-1: Ground out 4-3 (Groundball, 34)
Batting: RHB Ed Sims 0-0: Swinging Strike
0-1: Foul Ball, location: 2F
0-2: Strikes out swinging
Bottom of the 7th over - 0 run(s), 0 hit(s), 0 error(s), 0 left on base; Santa Fe 0 - BlackIron 1
TOP OF THE 8TH
Santa Fe Diablos batting - Pitching for BlackIron Dragons : RHP Juan Gutiérrez
Now at 1B: Ramón Pérez
Batting: RHB Henning Huisman 0-0: Foul Ball, location: 2F
0-1: Swinging Strike
0-2: Strikes out looking
Batting: RHB Arnold Harmon 0-0: Called Strike
0-1: Ball
1-1: Foul Ball, location: 2F
1-2: Ball
2-2: Strikes out swinging
Batting: LHB Juan Ontiveros 0-0: Fly out, F7 (Flyball, 7LSF)
Top of the 8th over - 0 run(s), 0 hit(s), 0 error(s), 0 left on base; Santa Fe 0 - BlackIron 1
BOTTOM OF THE 8TH
BlackIron Dragons batting - Pitching for Santa Fe Diablos : RHP Honorato Mota
Batting: RHB Leroy Jamison 0-0: SINGLE (Line Drive, 8LS)
Batting: RHB Edgardo Carrasco 0-0: Ball
1-0: Bunt missed!
1-1: Sac Bunt - play at first, batter OUT! 5-4
Leroy Jamison to second
Pinch Hitting: RHB Cole Ball 0-0: Ball
1-0: SINGLE (Groundball, 6D) (infield hit)
Leroy Jamison to third
Pinch Hitting: RHB Brian Jackson 0-0: Called Strike
0-1: Ball
1-1: Foul Ball, location: 2F
1-2: Ball
2-2: Strikes out swinging
Pinch Hitting: LHB Leonard Young 0-0: Ground out 1-3 (Groundball, 25)
Bottom of the 8th over - 0 run(s), 2 hit(s), 0 error(s), 2 left on base; Santa Fe 0 - BlackIron 1
TOP OF THE 9TH
Santa Fe Diablos batting - Pitching for BlackIron Dragons : RHP Juan Gutiérrez
Now at 3B: Rusty Clinton
Now at SS: Manuel Torres
Now in CF: Culley Vaughan
Batting: RHB Iván Gonzáles 0-0: Ball
1-0: Fly out, F9 (Flyball, 89XD)
Pitching: LHP Manny Luján
Pinch Hitting: RHB Robert Johnson 0-0: Ball
1-0: Fly out, F7 (Flyball, 7D)
Batting: RHB Wallace Greene 0-0: Ball
1-0: Fly out, F8 (Flyball, 8LXD)
Top of the 9th over - 0 run(s), 0 hit(s), 0 error(s), 0 left on base; Santa Fe 0 - BlackIron 1
This league is powered by Out of the Park Baseball, the baseball management simulation game for PC, Mac and Linux
Wednesday, December 2nd, 2015 - OOTP Baseball 16.8 Build 38